 Dungeon Crawl Stone Soup version 0.21-a0-531-gacddea6 (webtiles) character file.

23 Amnesiac the Vexing (level 2, 0/16 HPs)
             Began as a Deep Elf Arcane Marksman on Dec 12, 2017.
             Slain by a kobold
             ... wielding a +0 short sword
              (1 damage)
             ... on level 1 of the Dungeon.
             The game lasted 00:02:39 (772 turns).

Amnesiac the Vexing (Deep Elf Arcane Marksman)       Turns: 772, Time: 00:02:40

Health: 0/16       AC:  2    Str:  7    XL:     2   Next: 72%
Magic:  5/7        EV: 13    Int: 17    God:
Gold:   24         SH:  0    Dex: 15    Spells: 2/5 levels left

rFire    . . .     SeeInvis .   a - +0 shortbow
rCold    . . .     Gourm    .   (shield currently unavailable)
rNeg     . . .     Faith    .   e - +0 robe
rPois    .         Spirit   .   (no helmet)
rElec    .         Reflect  .   (no cloak)
rCorr    +         Harm     .   (no gloves)
MR       .....                  (no boots)
Stlth    +.........             (no amulet)
HPRegen  0.05/turn              h - ring of resist corrosion
MPRegen  0.10/turn              (no ring)

@: no status effects
A: no striking features
a: no special abilities


You were on level 1 of the Dungeon.
You were not hungry.

You visited 1 branch of the dungeon, and saw 1 of its levels.

You collected 24 gold pieces.

Inventory:

Hand Weapons
 a - a +0 shortbow (weapon)
 b - a +0 dagger of freezing
Missiles
 d - 5 arrows (quivered)
 i - 47 stones
Armour
 e - a +0 robe (worn)
Jewellery
 h - a ring of resist corrosion (left hand)
Scrolls
 j - a scroll of fear {!r, unknown}
 k - a scroll of blinking {!r, unknown}
 l - a scroll of teleportation {!r, unknown}
Books
 c - a book of Debilitation

   Spells                             Type                      Level
   a - Corona                         Hexes                        1
   b - Slow                           Hexes                        2
   c - Inner Flame                    Hexes/Fire                   3
   d - Portal Projectile              Hexes/Translocation          3
   e - Cause Fear                     Hexes                        4
   f - Leda's Liquefaction            Hexes/Earth                  4
Comestibles
 f - a bread ration


   Skills:
 + Level 1.0 Fighting
 * Level 2.8 Bows
 + Level 2.6 Dodging
 + Level 2.0 Spellcasting
 * Level 4.4 Hexes


You had 2 spell levels left.
You knew the following spells:

 Your Spells              Type           Power        Failure   Level  Hunger
a - Corona                Hex            ###....      3%          1    #......
e - Slow                  Hex            ###.....     4%          2    ###....


Dungeon Overview and Level Annotations

Branches:
Dungeon (1/15)

Altars:


Message History

You kill the giant cockroach!
Firing (i - inventory. (,) - cycle):
d - 14 arrows (quivered)
Press: ? - help, Shift-Dir - straight line, f - kobold
Aim: a kobold You shoot an arrow.
The arrow closely misses the kobold.
The arrow barely misses the hobgoblin.
The arrow barely misses the kobold.
The kobold closely misses you.
Firing (i - inventory. (,) - cycle):
d - 13 arrows (quivered)
Press: ? - help, Shift-Dir - straight line, f/p - kobold
Aim: a kobold You shoot an arrow.
The arrow barely misses the kobold.
The arrow hits the hobgoblin.
You kill the hobgoblin!
The kobold hits you but does no damage.
Firing (i - inventory. (,) - cycle):
d - 12 arrows (quivered)
Press: ? - help, Shift-Dir - straight line, f/p - kobold
Aim: a kobold You shoot an arrow.
The arrow completely misses the kobold.
The arrow closely misses the kobold.
The arrow closely misses the rat.
The kobold misses you.
Firing (i - inventory. (,) - cycle):
d - 11 arrows (quivered)
Press: ? - help, Shift-Dir - straight line, f/p - kobold
Aim: a kobold You shoot an arrow.
The arrow hits the kobold.
The kobold is severely wounded.
The kobold hits you but does no damage.
Firing (i - inventory. (,) - cycle):
d - 10 arrows (quivered)
Press: ? - help, Shift-Dir - straight line, f/p - kobold
Aim: a kobold (severely wounded)
You shoot an arrow.
The arrow hits the kobold but does no damage.
The kobold is severely wounded.
The kobold completely misses you. The kobold hits you but does no damage.
Firing (i - inventory. (,) - cycle):
d - 9 arrows (quivered)
Press: ? - help, Shift-Dir - straight line, f/p - kobold
Aim: a kobold (severely wounded)
You shoot an arrow. The arrow closely misses the kobold.
The arrow barely misses the kobold.
The arrow closely misses the rat.
The kobold hits you.
* * * LOW HITPOINT WARNING * * *
Firing (i - inventory. (,) - cycle):
d - 8 arrows (quivered)
Press: ? - help, Shift-Dir - straight line, f/p - kobold
Aim: a kobold (severely wounded)
You shoot an arrow.
The arrow hits the kobold but does no damage.
The kobold is severely wounded.
The kobold closely misses you.
Firing (i - inventory. (,) - cycle):
d - 7 arrows (quivered)
Press: ? - help, Shift-Dir - straight line, f/p - kobold
Aim: a kobold (heavily wounded)
You shoot an arrow. The arrow hits the kobold.
The kobold is severely wounded.
The kobold barely misses you.
Really quaff
g - a silvery potion {!q}?
It was a potion of cancellation {!q}.
You feel magically purged. The kobold hits you.
* * * LOW HITPOINT WARNING * * *
Firing (i - inventory. (,) - cycle):
d - 6 arrows (quivered)
Press: ? - help, Shift-Dir - straight line, f/p - kobold
Aim: a kobold (severely wounded)
You shoot an arrow. The arrow hits the kobold.
You kill the kobold!
The kobold hits you with a short sword.
You die...

#.#.......##..###.#..............
..#..........## #...#.#.#!#.#.#.#
.##.......#### ##...............
.###....†## #...#r#.#.#.#.#
.##.......# ##.#gK.........
.##.......### #?..#.#.#.#.#
.##.........# ##...........
.###.....##>########...#.#.#.# .#
##...###.....@Kr..(#....... .#
######.....######.####... .#
###...##.........# .##
.#####...######.......####. ####
.......### #(###........###...
.....### ##.###.##..##.....##
.....# ##.........#####...##
......# .........#.######....
....#.# ###.........##....###


You could see a kobold and a rat.

Vanquished Creatures
  A dart slug (D:1)
  3 bats (D:1)
  2 giant cockroaches (D:1)
  6 hobgoblins (D:1)
  A frilled lizard (D:1)
  4 kobolds (D:1)
  A rat (D:1)
18 creatures vanquished.

Notes
Turn   | Place    | Note
-------+----------+-------------------------------------------
     0 | D:1      | Amnesiac the Deep Elf Arcane Marksman began the quest for the Orb.
     0 | D:1      | Reached XP level 1. HP: 11/11 MP: 5/5
   393 | D:1      | Reached skill level 1 in Fighting
   393 | D:1      | Reached XP level 2. HP: 14/16 MP: 4/6
   397 | D:1      | Learned a level 2 spell: Slow
   772 | D:1      | Slain by a kobold

Vault maps used:
D:1:      dpeg_arrival_shrine, nrook_mini_backslash, hex_large, minivault_27

Skill      XL: |  1  2 |
---------------+-------+-----
Fighting       | 1 |  1.0
Spellcasting   | 2 |  2.0
Bows           | |  2.8
Dodging        | |  2.6
Hexes          | |  4.4

Action                   || total
-------------------------++-------
Melee: Unarmed           ||    23
       Dagger            ||    43
 Fire: Shortbow          ||    22
 Cast: Corona            ||    13
       Slow              ||     8
  Use: Potion            ||     1
Armor: Robe              ||    30
Dodge: Dodged            ||    65

Table legend:
 A = Spawn XP
 B = Non-spawn XP
 C = Spawn XP percentage of total XP
 D = Spawn monster count
 E = Non-spawn monster count
 F = Spawn count percentage of total count
 G = Total turns spent on level
                    A         B        C        D         E        F      G
               +---------+---------+-------+---------+---------+-------+---------
         Total |       0 |      33 |   0.0 |       0 |      18 |   0.0 |   772
               +---------+---------+-------+---------+---------+-------+---------
           D:1 |       0 |      33 |   0.0 |       0 |      18 |   0.0 |   772
               +---------+---------+-------+---------+---------+-------+---------
